 Dungeon Crawl Stone Soup version 0.31-a0-986-g5e6e4ef867 (webtiles) character file.

Game seed: 1128700474488027621

6708 monsoonserge the Zephyrmancer (level 11, 0/58 HPs)
             Began as a Tengu Air Elementalist on Nov 15, 2023.
             Was a Believer of Vehumet.
             Succumbed to a hornet's poison
             ... on level 9 of the Dungeon.
             The game lasted 00:40:57 (9540 turns).

monsoonserge the Zephyrmancer (TeAE)                Turns: 9540, Time: 00:40:58

Health: 0/58       AC:  8    Str:  9    XL:     11   Next: 3%
Magic:  8/19       EV: 17    Int: 20    God:    Vehumet [**....]
Gold:   436        SH:  0    Dex: 14    Spells: 8/20 levels left

rFire   . . .        P - +2 scimitar (drain)
rCold   . . .        (no shield)
rNeg    . . .        Q - +0 steam dragon scales
rPois   .            y - +1 hat
rElec   .            H - +0 cloak
rCorr   .            (no gloves)
SInv    .            (boots unavailable)
Will    +....        m - amulet of magic regeneration
Stlth   ++           u - ring of wizardry
HPRegen 0.29/turn    A - ring of willpower
MPRegen 0.56/turn

%: acrobat, wizardry (x1)
@: lethally poisoned (0 -> -9), flying, slowed, very slow
A: beak, talons 3, evasive flight, acrobatic
a: Renounce Religion


You were on level 9 of the Dungeon.
You worshipped Vehumet.
Vehumet was pleased with you.
You visited 2 branches of the dungeon, and saw 10 of its levels.

You collected 566 gold pieces.
You spent 130 gold pieces at shops.

Inventory:

Hand Weapons
 a - a +2 scimitar of flaming
 c - a +1 dagger of draining
 f - a +2 dagger of venom
 s - a +0 dagger of freezing
 x - a +1 dagger of pain
 D - a +2 short sword of venom
 N - a +1 dagger of flaming
 P - a +2 scimitar of draining (weapon)
Missiles
 k - 3 boomerangs
 o - 3 javelins
 r - 21 poisoned darts (quivered)
 F - a throwing net
 M - 5 darts of dispersal
Armour
 y - a +1 hat (worn)
 H - a +0 cloak (worn)
 Q - +0 steam dragon scales (worn)
 R - a +1 robe of willpower
Jewellery
 m - an amulet of magic regeneration (around neck)
 u - a ring of wizardry (left hand)
 A - a ring of willpower (right hand)
Talismans
 L - a flux talisman
Wands
 n - a wand of polymorph (21)
 J - a wand of flame (32)
 O - a wand of digging (6)
Scrolls
 d - a scroll of butterflies {unknown}
 e - a scroll of enchant weapon {unknown}
 g - 2 scrolls of teleportation {unknown}
 h - 10 scrolls of identify {unknown}
 l - a scroll of acquirement {unknown}
 q - a scroll of blinking {unknown}
 t - a scroll of torment {unknown}
 v - 2 scrolls of poison
 z - 6 scrolls of fear {unknown}
 B - a scroll of revelation {unknown}
 G - 2 scrolls of fog {unknown}
 I - 4 scrolls of amnesia {unknown}
Potions
 b - a potion of magic
 i - a potion of cancellation {unknown}
 j - 2 potions of attraction
 p - a potion of heal wounds
 w - 2 potions of degeneration {unknown}
 C - a potion of might {unknown}
 E - a potion of haste {unknown}
 K - 3 potions of curing {unknown}


   Skills:
 + Level 2.4 Fighting
 - Level 1.6(1.7) Short Blades
 + Level 0.4(1.1) Long Blades
 + Level 0.9 Throwing
 - Level 6.2 Armour
 + Level 4.6 Dodging
 + Level 3.4 Stealth
 + Level 0.3 Unarmed Combat
 - Level 5.0 Spellcasting
 - Level 6.8 Conjurations
 + Level 3.3 Translocations
 + Level 14.5 Air Magic
 + Level 3.0 Evocations


You had 8 spell levels left.
You knew the following spells:

 Your Spells              Type           Power      Damage    Failure   Level
a - Shock                 Conj/Air       100%       1d9       1%          1
b - Blink                 Tloc           36%        N/A       1%          2
c - Swiftness             Air            59%        N/A       1%          3
d - Airstrike             Air            29%        2d(5-21)  1%          4
e - Poisonous Vapours     Pois/Air       68%        N/A       1%          2

Your spell library contained the following spells:

 Spells                   Type           Power      Damage    Failure   Level
 Dazzling Flash           Conj/Hex       36%        N/A       3%          3
 Apportation              Tloc           36%        N/A       1%          1
 Cigotuvi's Dreadful Rot  Necr/Pois/Air  48%        N/A       1%          2
 Lesser Beckoning         Tloc           36%        N/A       1%          2
 Momentum Strike          Conj/Tloc      50%        3d9       1%          2
 Static Discharge         Conj/Air       94%        3-7/arc   1%          2
 Necrotise                Necr           20%        1d5       4%          1
 Summon Small Mammal      Summ           20%        N/A       4%          1
 Manifold Assault         Tloc           18%        N/A       12%         4
 Dispel Undead            Necr           5%         3d7       41%         4
 Death Channel            Necr           2%         N/A       99%         6


Dungeon Overview and Level Annotations

Branches:
Dungeon (9/15)             Temple (1/1) D:6            Lair (0/5) D:8
    Orc: D:9-12

Altars:
Ashenzari
Cheibriados
Dithmenos
Elyvilon
Fedhas
Gozag
Hepliaklqana
Kikubaaqudgha
Makhleb
Nemelex Xobeh
Okawaru
Qazlal
Ru
Sif Muna
Trog
Uskayaw
Vehumet
Wu Jian
Xom
Yredelemnul
Zin
The Shining One

Shops:
D:4 *   D:7 =?(   D:9 [


Innate Abilities, Weirdness & Mutations

You have a beak for a mouth.
You have claws for feet.
Your magical flight helps you evade attacks. (EV +4)
You can magically evade attacks while moving or waiting.


Message History

Aiming: Airstrike (safe; 1% risk of failure)
Press: ? - help, Dir - move target, f/p - hornet
Aim: a hornet (moderately wounded, very poisoned, empty space bonus: 2/8)
The air twists around and strikes the hornet.
The hornet is heavily wounded.
The hornet stings you.
You feel yourself slow down. The hornet stings you.
You are poisoned.
You feel as though you will be slow longer.
Casting: Airstrike (safe; 1% risk of failure)
Confirm with . or Enter, or press ? or * to list all spells.
Aiming: Airstrike (safe; 1% risk of failure)
Press: ? - help, Dir - move target, f/p - hornet
Aim: a hornet (heavily wounded, very poisoned, empty space bonus: 2/8)
The air twists around and strikes the hornet.
The hornet is severely wounded.
You feel very sick. The hornet stings you!
You are more poisoned.
You feel as though you will be slow longer.
The hornet stings you!
You suddenly lose the ability to move!
You feel very sick. The hornet stings you!
* * * LOW HITPOINT WARNING * * *
You feel as though you will be slow longer.
You feel very sick. The hornet stings you!
* * * LOW HITPOINT WARNING * * *
You feel as though you will be slow longer.
The hornet stings you but does no damage.
You can move again.
Casting: Airstrike (safe; 1% risk of failure)
Confirm with . or Enter, or press ? or * to list all spells.
Aiming: Airstrike (safe; 1% risk of failure)
Press: ? - help, Dir - move target, f/p - hornet
Aim: a hornet (severely wounded, poisoned, empty space bonus: 2/8)
The air twists around and strikes the hornet!
You kill the hornet!
Vehumet accepts your kill.
You feel your power returning.
You die...

#............#
#.##.#.#######.
#......#.......
#.#.##.#.#...
#.#........
#.#.##.#.#######
#..............#
######.#.#####.
........#@#
#######.#.†.....#
#.#######.# ###


There were no monsters in sight!

Vanquished Creatures
  Erica (D:8)
  Maggie (D:8)
  A komodo dragon (D:7)
  A hornet (D:9)
  Prince Ribbit (D:8)
  Sigmund (D:2)
  8 yaks
  2 wyverns (D:9)
  2 vampire mosquitoes (D:9)
  5 water moccasins
  3 orc warriors
  2 ice beasts
  3 centaurs
  A phantom (D:5)
  A kobold brigand (D:9)
  2 bullfrogs
  4 scorpions
  A gnoll sergeant (D:8)
  3 wights
  6 killer bees (D:7)
  A howler monkey (D:8)
  A quasit (D:6)
  5 hounds
  5 jellies
  2 gnoll boudas
  2 orc priests
  Jessica (D:3)
  4 iguanas
  11 orc wizards
  20 gnolls
  5 adders
  2 shadow imps (D:6)
  2 white imps (D:6)
  8 ufetubi
  3 worms
  5 dart slugs
  33 orcs
  3 endoplasms
  3 giant cockroaches
  3 goblins (D:2)
  6 hobgoblins
  6 jackals
  10 kobolds
  4 quokkas
  7 ball pythons
  3 bats
  4 frilled lizards
  3 rats
211 creatures vanquished.

Vanquished Creatures (others)
  An orc wizard (D:8)
1 creature vanquished.

Grand Total: 212 creatures vanquished

Notes
Turn   | Place    | Note
-------+----------+-------------------------------------------
     0 | D:1      | monsoonserge the Tengu Air Elementalist began the quest for
                  | the Orb.
     0 | D:1      | Reached XP level 1. HP: 10/10 MP: 4/4
   189 | D:1      | Reached XP level 2. HP: 15/15 MP: 1/6
   566 | D:1      | Learned a level 2 spell: Blink
   708 | D:1      | Reached XP level 3. HP: 19/19 MP: 2/7
   846 | D:2      | Noticed Sigmund
  1296 | D:2      | Learned a level 3 spell: Swiftness
  1672 | D:2      | Reached XP level 4. HP: 24/24 MP: 6/9
  1786 | D:2      | Killed Sigmund
  1787 | D:2      | Reached skill level 1 in Translocations
  1787 | D:2      | Reached skill level 5 in Air Magic
  1787 | D:2      | Reached XP level 5. HP: 20/28 MP: 9/11
  1787 | D:2      | Reached XP level 6. HP: 23/32 MP: 9/12
  1959 | D:3      | Found a broken altar of Ashenzari.
  1965 | D:3      | Found an iron altar of Okawaru.
  1966 | D:3      | Found a hide-covered altar of Uskayaw.
  1977 | D:3      | Reached skill level 1 in Evocations
  1996 | D:3      | Learned a level 4 spell: Airstrike
  2004 | D:3      | Found a bloodstained altar of Trog.
  2004 | D:3      | Found a shimmering blue altar of Sif Muna.
  2005 | D:3      | Found a sparkling altar of Nemelex Xobeh.
  2010 | D:3      | Found a glowing golden altar of the Shining One.
  2091 | D:3      | Noticed Jessica
  2094 | D:3      | Killed Jessica
  2777 | D:4      | Reached skill level 1 in Armour
  2867 | D:4      | Gained mutation: Your magical flight helps you evade
                  | attacks. (EV +4) [Tengu growth]
  2867 | D:4      | Reached XP level 7. HP: 36/36 MP: 11/14
  2901 | D:4      | Found Ratuilia's Assorted Antiques.
  2910 | D:4      | Bought a scroll labelled ZAWKUE SIOMI for 19 gold pieces
  2910 | D:4      | Bought a scroll labelled JULINU ENGI for 19 gold pieces
  2910 | D:4      | Bought a scroll labelled PUS PYCUASCHOGH for 19 gold pieces
  2910 | D:4      | Bought a puce potion for 17 gold pieces
  3096 | D:4      | Reached skill level 6 in Air Magic
  3367 | D:5      | Entered Level 5 of the Dungeon
  3474 | D:5      | Reached skill level 5 in Conjurations
  3712 | D:5      | Reached skill level 7 in Air Magic
  3712 | D:5      | Reached XP level 8. HP: 42/42 MP: 9/15
  4237 | D:5      | Reached skill level 8 in Air Magic
  4685 | D:6      | Reached skill level 9 in Air Magic
  4738 | D:6      | Noticed a yak
  4738 | D:6      | Noticed a yak
  4738 | D:6      | Noticed a yak
  4827 | D:6      | Found a staircase to the Ecumenical Temple.
  5059 | Temple   | Entered the Ecumenical Temple
  5064 | Temple   | Became a worshipper of Vehumet
  5309 | D:6      | Reached XP level 9. HP: 46/46 MP: 8/16
  5396 | D:6      | Reached skill level 5 in Spellcasting
  5400 | D:6      | Reached skill level 1 in Fighting
  5682 | D:7      | Reached skill level 10 in Air Magic
  5699 | D:7      | Found Exeetag's Book Shoppe.
  5828 | D:7      | Found Gibaaff's Antique Weapon Boutique.
  5849 | D:7      | Reached skill level 5 in Armour
  5988 | D:7      | Found a shimmering altar of Xom.
  5988 | D:7      | Found a shimmering altar of Xom.
  5990 | D:7      | Found a shimmering altar of Xom.
  5991 | D:7      | Found a shimmering altar of Xom.
  6101 | D:7      | Noticed a komodo dragon
  6106 | D:7      | Killed a komodo dragon
  6107 | D:7      | Reached skill level 11 in Air Magic
  6340 | D:7      | Found Wuoh Fiy's Jewellery Boutique.
  6349 | D:7      | Reached * piety under Vehumet
  6349 | D:7      | Offered knowledge of Freeze by Vehumet.
  6494 | D:7      | Found Pebi's Magic Scroll Shop.
  6497 | D:7      | Bought a scroll of poison for 56 gold pieces
  6639 | D:8      | Reached XP level 10. HP: 52/52 MP: 12/18
  6653 | D:8      | Found a staircase to the Lair.
  6856 | D:7      | Reached skill level 12 in Air Magic
  7046 | D:7      | Reached skill level 1 in Short Blades
  7083 | D:7      | Noticed a manticore
  7083 | D:7      | Noticed an emperor scorpion
  7122 | D:7      | a manticore changed into a merfolk
  7141 | D:7      | a merfolk changed into an elephant
  7141 | D:7      | Noticed an elephant (shapeshifter)
  7152 | D:7      | an elephant changed into a skyshark
  7152 | D:7      | Noticed a skyshark (shapeshifter)
  7198 | D:7      | an emperor scorpion changed into a death yak
  7198 | D:7      | Noticed a death yak (shapeshifter)
  7218 | D:7      | a skyshark changed into a manticore
  7218 | D:7      | Noticed a manticore (shapeshifter)
  7302 | D:7      | Noticed a death drake
  7306 | D:7      | Noticed a fire giant
  7318 | D:7      | Noticed an eleionoma
  7323 | D:7      | a death drake changed into a lindwurm
  7323 | D:7      | Noticed a lindwurm (shapeshifter)
  7360 | D:8      | Noticed Maggie
  7372 | D:8      | Killed Maggie
  7529 | D:8      | Noticed Erica
  7539 | D:8      | Killed Erica
  7682 | D:8      | Reached skill level 13 in Air Magic
  7682 | D:8      | Reached ** piety under Vehumet
  7682 | D:8      | Offered knowledge of Poisonous Vapours by Vehumet.
  7687 | D:8      | Learned a level 2 spell: Poisonous Vapours
  7978 | D:8      | Noticed Prince Ribbit
  8010 | D:8      | Killed Prince Ribbit
  8982 | D:9      | Reached skill level 14 in Air Magic
  9109 | D:9      | Found Wosmev's Armour Shoppe.
  9278 | D:9      | Offered knowledge of Dazzling Flash by Vehumet.
  9279 | D:9      | Reached XP level 11. HP: 25/58 MP: 15/19
  9537 | D:9      | Paralysed by a hornet for 3 turns
  9539 | D:9      | HP: 2/58 [hornet (10)]
  9540 | D:9      | Succumbed to a hornet's poison

Illustrated notes

Levels and vault maps discovered:
D:1:      spicycebolla_green_bress_n_ham, layout_loops_ring
D:2:      layout_loops_ring, uniq_sigmund
D:3:      layout_loops_cross, nicolae_overflow_hallway_of_the_gods,
          grunt_ministairs_14, kennysheep_flooded_box, uniq_jessica
D:4:      layout_loops_ring, serial_shops, shop
D:5:      layout_loops_corners
D:6:      layout_basic, minmay_temple_entry_statues_pillars, serial_demonic,
          serial_demonic_d, serial_demonic_b, serial_demonic_e, serial_demonic_g
D:7:      layout_loops_cross, xom_shifter_show, serial_shops, shop,
          nicolae_shop_advertising_works [nicolae_subvault_shop_adworks],
          nicolae_shop_tiny_waterfront, kennysheep_mini
D:8:      layout_basic, dpeg_oklobed_lair, serial_curves, eino_curves_02,
          eino_curves_02, eino_curves_02, kennysheep_pointless_box,
          kennysheep_big_empty_room, uniq_maggie, uniq_erica,
          uniq_prince_ribbit1
D:9:      layout_basic, serial_shops, shop, hangedman_decor_peaks_small
Temple:   nicolae_temple_bog_church

Skill      XL: |  1  2  3  4  5  6  7  8  9 10 |
---------------+-------------------------------+-----
Conjurations   | 2 3 4 5 6 |  6.8
Spellcasting   | 3 4 5 |  5.0
Translocations | 1 2 3 |  3.3
Air Magic      | 5 7 9 11 14 | 14.5
Evocations     | 1 3 |  3.0
Armour         | 1 2 4 5 6 |  6.2
Stealth        | 3 |  3.4
Dodging        | 3 4 |  4.6
Fighting       | 1 2 |  2.4
Short Blades   | 1 |  1.6
Long Blades    | |  0.4
Throwing       | |  0.9
Unarmed Combat | |  0.3

Action                     |  1- 3 |  4- 6 |  7- 9 | 10-12 || total
---------------------------+-------+-------+-------+-------++-------
  Melee: Dagger            |    15 |     7 |     1 |       ||    23
         Peck              |     5 |     1 |     3 |     3 ||    12
         Kick              |     1 |     2 |     2 |    11 ||    16
         Unarmed           |       |     7 |       |       ||     7
         Short sword       |       |       |    18 |    22 ||    40
         Scimitar          |       |       |       |     9 ||     9
  Throw: Dart              |       |       |       |     2 ||     2
   Cast: Shock             |    75 |    56 |   205 |   119 ||   455
         Airstrike         |       |       |    25 |    38 ||    63
         Blink             |       |       |     1 |     3 ||     4
         Poisonous Vapours |       |       |       |     2 ||     2
         Swiftness         |       |       |       |     1 ||     1
  Evoke: Wand              |       |       |       |     1 ||     1
    Use: Scroll            |       |       |     1 |       ||     1
         Potion            |       |       |       |     2 ||     2
   Stab: Sleeping          |       |     1 |       |       ||     1
 Armour: Robe              |     5 |       |       |       ||     5
         Ring mail         |     4 |     3 |    36 |    40 ||    83
         Skin              |       |     2 |       |       ||     2
         Leather armour    |       |     2 |     6 |       ||     8
         Steam dragon scal |       |       |       |    46 ||    46
  Dodge: Dodged            |    12 |    12 |    72 |    78 ||   174

Table legend: (Time is in decaauts)
 A = Elapsed time spent in this place.
 B = Non-inter-level travel time spent in this place.
 C = Inter-level travel time spent in this place.
 D = Time resting spent in this place.
 E = Time spent auto-exploring this place.
 F = Levels seen in this place.
 G = Mean time per level.
                   A        B        C        D        E       F      G
               +--------+--------+--------+--------+--------+-----+--------+
         Total |   9550 |   8864 |    686 |   1207 |   5514 |  10 |  955.0 |
       Dungeon |   9539 |   8854 |    685 |   1207 |   5514 |   9 | 1059.9 |
        Temple |     10 |     10 |      0 |      0 |      0 |   1 |   10.0 |
               +--------+--------+--------+--------+--------+-----+--------+

Top non-repeatable levels by time:
     D:8: 1696 daAuts
     D:7: 1606 daAuts
     D:5: 1128 daAuts
     D:6: 1061 daAuts
     D:2: 1011 daAuts
     D:1: 931 daAuts
     D:4: 841 daAuts
     D:3: 672 daAuts
     D:9: 590 daAuts
  Temple: 10 daAuts
